 Dungeon Crawl Stone Soup version 5.6-49-g8abd877 (webtiles) character file.

32 rednecknazgul the Martial Artist (level 11, 0/58 HPs) *CASUAL*
             Began as a Vine Stalker Transmuter on Nov 24, 2018.
             Was an Elder of Jiyva.
             Killed from afar by a molten gargoyle (24 damage)
             ... with a bolt of magma
             ... on level 9 of the Dungeon.
             The game lasted 00:09:52 (6038 turns).

rednecknazgul the Martial Artist (VSTm)             Turns: 6038, Time: 00:09:53

Health: 0/58       AC:  8 (0%)Str: 14   XL:     11   Next: 42%
Magic:  0/10       EV: 16    Int: 16    God:    Jiyva [4*[102]]
Gold:   456        SH:  0    Dex: 14    Spells: 10/19 levels left

rFire    . . .     SeeInvis +     - Unarmed
rCold    . . .     Faith    .   (shield currently unavailable)
rNeg     . . .     Spirit   +   g - +2 robe {Archmagi}
rPois    .         Reflect  .   (helmet restricted)
rElec    .                      (no cloak)
rCorr    +                      (gloves currently unavailable)
MR       +....                  s - +0 pair of boots
Stlth    +.........             (no amulet)
Regen    0.6/turn               b - +6 ring of slaying
MPRegen  0.2/turn               i - +3 ring of protection

@: blade hands, very slightly contaminated
A: fangs 3, horns 1, see invisible, regeneration 1, magic shield, antimagic
bite, no device heal 3, rot immunity, radioactive
a: End Transformation, Slimify, Renounce Religion


You were on level 9 of the Dungeon.
You worshipped Jiyva.
Jiyva was greatly pleased with you.
You were not hungry.
You had blades for hands.
You visited 1 branch of the dungeon, and saw 9 of its levels.
You also visited: Ossuary.

You collected 456 gold pieces.

Inventory:

Armour
 g - a +2 robe of the Archmagi (worn)
 s - a +0 pair of boots (worn)
Jewellery
 b - a +6 ring of slaying (left scythe-like blade)
 i - a +3 ring of protection (right scythe-like blade)
Wands
 t - a wand of digging (7)
Scrolls
 c - 2 scrolls of fear
 d - 3 scrolls of enchant weapon
 k - 2 scrolls of teleportation
 m - 2 scrolls of amnesia
 n - 5 scrolls of magic mapping
 r - a scroll of enchant armour
Potions
 a - a potion of lignification
 e - 2 potions of cancellation
 f - 9 potions of mutation
 h - 4 potions of haste
 j - a potion of berserk rage
 l - a potion of augmentation
 o - 5 potions of ambrosia
 p - a potion of magic
 q - 3 potions of flight
 u - 2 potions of invisibility


   Skills:
 + Level 6.7 Fighting
 + Level 5.7 Armour
 + Level 6.2 Dodging
 * Level 10.6 Unarmed Combat
 + Level 7.7 Transmutations


You had 10 spell levels left.
You knew the following spells:

 Your Spells              Type           Power        Failure   Level  Hunger
a - Beastly Appendage     Tmut           37 (50)      1%          1    N/A
b - Spider Form           Tmut           37 (200)     3%          3    N/A
c - Blade Hands           Tmut           37 (200)     28%         5    N/A

Your spell library contained the following spells:

 Spells                   Type           Power        Failure   Level  Hunger
 Ice Form                 Ice/Tmut       18 (100)     45%         4    N/A
 Deflect Missiles         Chrm/Air       0 (200)      100%        6    N/A
 Airstrike                Air            0 (200)      94%         4    N/A
 Passwall                 Tmut/Erth      18 (200)     8%          2    N/A
 Silence                  Hex/Air        0 (200)      94%         4    N/A
 Conjure Ball Lightning   Air            0 (200)      100%        7    N/A
 Tornado                  Air            0 (200)      100%        9    N/A
 Summon Lightning Spire   Summ/Air       0 (100)      94%         4    N/A

Dungeon Overview and Level Annotations

Branches:
Dungeon (9/15)

Altars:
Cheibriados
Dithmenos
Elyvilon
Gozag
Jiyva
Kikubaaqudgha
Lugonu
Makhleb
Nemelex Xobeh
Okawaru
Qazlal
Ru
Sif Muna
Trog
Uskayaw
Vehumet
Wu Jian
Xom
Yredelemnul
Zin
The Shining One


Innate Abilities, Weirdness & Mutations

You have razor-sharp teeth.
Your natural rate of healing is unusually fast.
When hurt, damage is shared between your health and your magic reserves.
Your bite disrupts and absorbs the magic of your enemies.
Potions cannot restore your health.
You are immune to rotting.
You have a pair of small horns on your head.
You have supernaturally acute eyesight. (SInv)
You are slightly radioactive and malmutate adjacent enemies (contam).


Message History

A molten gargoyle comes into view. It is wielding a +0 flail.
The lava snake twists and deforms.
The lava snake misses you.
You slice the lava snake (26)!!
You kill the lava snake!
The molten gargoyle hits you with a +0 flail (15)!
You are engulfed in flames (12)!
You hit the molten gargoyle (5).
You headbutt the molten gargoyle, but do no damage.
The molten gargoyle is lightly damaged.
The molten gargoyle blasts magma at you!
The bolt of magma hits you!
That hurt (23)!
* * * LOW HITPOINT WARNING * * *
Blink to where?
Press: ? - help, Dir - move target cursor
As you read the scroll of blinking, it crumbles to dust.
The molten gargoyle blasts magma at you!
The bolt of magma hits you!
That hurt (9)!
The molten gargoyle blasts magma at you!
The bolt of magma hits you!
That hurt (30)!
You die...

#.##....##...........#
#>##.......#########.#
#.##...).### #.# .#
#.##....## #.# ..
#..#.....#####.# #
##.#........##.##
####.###.####.##..#
.........# #.##..##
......)..# #.#.@..#
.........## #.#.##.##
..........# #.#9##..##
##..#####.#
#...###..## #.# #.#
#..## ##..# . #..
#.###..# ##.# .. ...
#.##...# #.# ###... .
#.#..#.## #.##....#
#......># #....#


You could see a molten gargoyle.

Vanquished Creatures
  Pikel (D:6)
  2 molten gargoyles (D:9)
  An angry ghost (D:7)
  Menkaure (D:5)
  An acid dragon (D:8)
  2 ice beasts
  An orc warrior (D:8)
  A slave (D:6)
  7 ogres
  2 centaurs (D:8)
  Blork the orc (D:4)
  A bullfrog (D:6)
  3 wyvern skeletons
  6 killer bees (D:7)
  3 crimson imps
  A lava snake (D:9)
  3 centaur zombies
  2 hounds
  3 human zombies (Ossuary)
  A quasit (D:5)
  5 orc priests
  2 jellies (D:5)
  5 orc wizards
  A centaur skeleton (D:7)
  Terence (D:3)
  A hell rat (D:8)
  4 worker ants
  9 iguanas
  A big kobold zombie (Ossuary)
  3 hound skeletons
  4 mummies (Ossuary)
  2 howler monkey zombies
  6 gnolls
  10 adders
  3 shadow imps
  An ooze (D:1)
  2 dart slugs (D:2)
  20 orcs
  4 quokkas
  4 bats
  4 giant cockroaches
  9 goblins
  5 hobgoblins
  5 jackals
  4 frilled lizards
  A gnoll zombie (Ossuary)
  A goblin zombie (Ossuary)
  6 kobolds
  A kobold zombie (Ossuary)
  25 rats
  A spectral orc (D:5)
193 creatures vanquished.

Vanquished Creatures (others)
  A human (D:6)
  A rat (D:2)
2 creatures vanquished.

Grand Total: 195 creatures vanquished

Notes
Turn   | Place    | Note
-------+----------+-------------------------------------------
     0 | D:1      | rednecknazgul the Vine Stalker Transmuter began the quest for the Orb.
     0 | D:1      | Reached XP level 1. HP: 9/9 MP: 3/3
    22 | D:1      | Reached XP level 2. HP: 11/14 MP: 4/4
    73 | D:1      | Reached skill level 1 in Fighting
    83 | D:1      | Reached XP level 3. HP: 18/18 MP: 6/6
   116 | D:1      | Learned a level 3 spell: Spider Form
   281 | D:1      | Gained mutation: Your natural rate of healing is unusually fast. [Vine Stalker growth]
   281 | D:1      | Reached XP level 4. HP: 22/22 MP: 3/3
   386 | D:2      | Found a shadowy altar of Dithmenos.
   413 | D:2      | Found a deep blue altar of Sif Muna.
   447 | D:2      | Found a snail-covered altar of Cheibriados.
   516 | D:2      | Reached skill level 1 in Armour
   516 | D:2      | Reached XP level 5. HP: 26/26 MP: 5/5
   559 | D:2      | Found a white marble altar of Elyvilon.
   649 | D:2      | Reached skill level 4 in Unarmed Combat
   664 | D:2      | Found a faded altar of an unknown god.
   705 | D:2      | Found a glowing silver altar of Zin.
   713 | D:2      | Found an iron altar of Okawaru.
   928 | D:2      | Found an opulent altar of Gozag.
   951 | D:2      | Found an ornate altar of the Wu Jian Council.
  1028 | D:2      | Found a corrupted altar of Lugonu.
  1312 | D:3      | Found a sparkling altar of Nemelex Xobeh.
  1373 | D:3      | Reached XP level 6. HP: 30/30 MP: 7/7
  1423 | D:3      | Found an ancient bone altar of Kikubaaqudgha.
  1444 | D:3      | Noticed Terence
  1451 | D:3      | Killed Terence
  1728 | D:3      | Found a viscous altar of Jiyva.
  1731 | D:3      | Became a worshipper of Jiyva Jome the Shapeless
  1736 | D:3      | Found a shimmering altar of Xom.
  1767 | D:3      | Learned a level 5 spell: Blade Hands
  1797 | D:4      | Noticed Blork the orc
  1798 | D:4      | Found a radiant altar of Vehumet.
  1805 | D:4      | Killed Blork the orc
  1805 | D:4      | Reached skill level 5 in Unarmed Combat
  1805 | D:4      | Reached XP level 7. HP: 35/35 MP: 8/8
  1821 | D:4      | Found a bloodstained altar of Trog.
  2098 | D:4      | Found a stormy altar of Qazlal.
  2125 | D:4      | Reached * piety under Jiyva
  2266 | D:4      | Reached skill level 6 in Unarmed Combat
  2266 | D:4      | Gained mutation: You have razor-sharp teeth. [Vine Stalker growth]
  2266 | D:4      | Reached XP level 8. HP: 19/40 MP: 6/11
  2308 | D:4      | Reached skill level 5 in Transmutations
  2371 | D:5      | Entered Level 5 of the Dungeon
  2406 | D:5      | Gained mutation: You have supernaturally acute eyesight. (SInv) [Jiyva's grace]
  2453 | D:5      | Found a sacrificial altar of Ru.
  2488 | D:5      | Found a sand-covered staircase.
  2493 | Ossuary  | Entered an ossuary
  2677 | Ossuary  | Reached skill level 7 in Unarmed Combat
  2677 | Ossuary  | Reached XP level 9. HP: 43/45 MP: 13/13
  2806 | D:5      | Found a burning altar of Makhleb.
  2872 | D:5      | Found a basalt altar of Yredelemnul.
  2918 | D:5      | Noticed Menkaure
  2930 | D:5      | Killed Menkaure
  3198 | D:5      | Reached ** piety under Jiyva
  3544 | D:6      | Found an ancient bone altar of Kikubaaqudgha.
  3548 | D:6      | Reached skill level 5 in Fighting
  3631 | D:6      | Reached skill level 8 in Unarmed Combat
  3881 | D:6      | Found a glowing golden altar of the Shining One.
  3943 | D:6      | Gained mutation: You are slightly radioactive and malmutate adjacent enemies (contam). [Jiyva's grace]
  4074 | D:6      | Noticed Pikel
  4088 | D:6      | Killed Pikel
  4088 | D:6      | Reached skill level 5 in Dodging
  4088 | D:6      | Reached XP level 10. HP: 52/52 MP: 14/14
  4140 | D:6      | Found a hide-covered altar of Uskayaw.
  4148 | D:6      | Reached skill level 9 in Unarmed Combat
  4416 | D:7      | Reached *** piety under Jiyva
  4516 | D:7      | Reached skill level 5 in Armour
  4836 | D:7      | Gained mutation: You have a pair of small horns on your head. [Jiyva's grace]
  4993 | D:7      | Found a bloodstained altar of Trog.
  5353 | D:8      | Reached skill level 10 in Unarmed Combat
  5353 | D:8      | Reached XP level 11. HP: 56/56 MP: 8/8
  5931 | D:9      | Reached **** piety under Jiyva
  6038 | D:9      | Killed from afar by a molten gargoyle

Skill      XL: |  1  2  3  4  5  6  7  8  9 10 11 |
---------------+----------------------------------+-----
Fighting       | 1 2 3 4 5 6 |  6.7
Dodging        | 2 3 4 5 6 |  6.2
Armour         | 1 2 3 4 5 |  5.7
Unarmed Combat | 4 5 6 7 8 10 | 10.6
Transmutations | 4 5 6 7 |  7.7

Action                   |  1- 3 |  4- 6 |  7- 9 | 10-12 || total
-------------------------+-------+-------+-------+-------++-------
Melee: Unarmed           |    27 |    65 |   188 |   131 ||   411
       Bite              |     3 |       |       |    11 ||    14
       Headbutt          |       |       |       |     8 ||     8
 Cast: Spider Form       |     1 |     1 |     4 |       ||     6
       Blade Hands       |       |       |       |     1 ||     1
 Abil: End Transformatio |       |     1 |     4 |     1 ||     6
  Use: Scroll            |       |       |     1 |     1 ||     2
 Stab: Sleeping          |     1 |     6 |     6 |       ||    13
Armor: Robe              |     6 |       |       |    18 ||    24
       Skin              |     1 |     1 |     8 |     4 ||    14
Dodge: Dodged            |    28 |    54 |    95 |    83 ||   260
